[Event "*** Titled Tuesday Blitz"]
[Site "Chess.com"]
[Date "2020.04.21"]
[Round "5"]
[White "WIDBIFS"]
[Black "Carnivoras"]
[Result "1-0"]
[WhiteElo "2777"]
[BlackElo "2605"]
[TimeControl "180+1"]
[EndTime "10:57:14 PDT"]
[Termination "WIDBIFS won by checkmate"]

1. d4 d5 2. Nf3 Nf6 3. Bf4 e6 4. e3 Bd6 5. Bg3 O-O 6. Nbd2 c5 7. c3 b6 8. Bd3 Bb7 9. Qe2 Nc6 10. Rd1 c4 11. Bc2 Ne7 12. e4 dxe4 13. Nxe4 Nxe4 14. Bxe4 Bxe4 15. Qxe4 Nd5 16. O-O Bxg3 17. hxg3 b5 18. a3 Rb8 19. Ne5 Qc7 20. f4 f5 21.
Qe2 Nf6 22. g4 Rbd8 23. Rde1 Ne4 24. Qc2 a5 25. Rxe4 fxe4 26. Qxe4 Rc8 27. Re1 b4 28.
axb4 axb4 29. g3 bxc3 30. bxc3 Qa5 31. Re3 Qd5 32. Nf3 Rfe8 33. Ng5 Qxe4 34. Nxe4 Rc6 35. Kf2 Ra6 36. Kf3 h6 37. Nc5 Rc6 38. f5 e5 39. Nd7 e4+ 40. Kf4 Ra6 41. Ne5 Rc8 42. Kxe4 Ra1 43. Rf3 Rd1 44. Kf4 Re1 45. g5 hxg5+ 46. Kxg5 Re4 47. g4 Re1 48. Rh3 Rg1 49. Ng6 Kf7 50. Ne5+ Kg8 51. Re3 Rc1 52. Ng6 Kf7 53.
Re7+ Kg8 54. Re3 Kf7 55. d5 Rd1 56. Re7+ Kg8 57. Rd7 Re8 58. Nf4 Rd3 59. Ne6 Rxc3 60. Rxg7+ Kh8 61. f6 Rc1 62. Nf4 c3 63. Ng6# 1-0

[Event "*** Titled Tuesday Blitz"]
[Site "Chess.com"]
[Date "2020.04.21"]
[Round "5"]
[White "colegiodemadrid"]
[Black "szefru"]
[Result "0-1"]
[WhiteElo "2297"]
[BlackElo "2138"]
[TimeControl "180+1"]
[EndTime "10:57:14 PDT"]
[Termination "szefru won on time"]

1. e4 Nf6 2. e5 Nd5 3. c4 Nb6 4. d4 d6 5. exd6 exd6 6. Nc3 Be7 7. Bd3 O-O 8. Nge2 Bf6 9. O-O Nc6 10. c5 dxc5 11. dxc5 Nd7 12. Be3 Nde5 13. Be4 Bg4 14. f3 Bh5 15. Qb3 Rb8 16. Rad1 Qe8 17. Nd5 Bd8 18.
Nef4 Bg6 19. Bxg6 Nxg6 20. Rfe1 Qe5 21. g4 Bf6 22. Bc1 Qg5 23. Ng2 Nf4 24. Bxf4 Qg6 25. Re4 Rfe8 26. Nh4 Bxh4 27. Qe3 Rxe4 28. Qxe4 h6 29.
Qxg6 fxg6 30. Bxc7 Rf8 31. Kg2 Bg5 32. f4 Bf6 33. Bd6 Rf7 34. Re1 Kh7 35. Re8 Bxb2 36. Nc7 g5 37. f5 g6 38. Ne6 gxf5 39. Nf8+ Kg7 40. Ne6+ Kf6 41. gxf5 Kxf5 42. Rg8 Kxe6 43. Rg7 Rxg7 0-1

[Event "*** Titled Tuesday Blitz"]
[Site "Chess.com"]
[Date "2020.04.21"]
[Round "5"]
[White "eljanov"]
[Black "HomayoonTofighi"]
[Result "0-1"]
[WhiteElo "2811"]
[BlackElo "2926"]
[TimeControl "180+1"]
[EndTime "10:57:15 PDT"]
[Termination "HomayoonTofighi won on time"]

1. Nf3 e6 2. g3 Nf6 3. Bg2 d5 4.
O-O Be7 5. d4 O-O 6. c4 dxc4 7.
Qc2 a6 8. a4 Bd7 9. Qxc4 Bc6 10.
Bf4 Nbd7 11. Nc3 Nb6 12. Qb3 Nbd5 13. Rfd1 Nxf4 14. gxf4 Nd5 15. e3 Nxc3 16. bxc3 Be4 17. Ne5 Bxg2 18. Kxg2 Rb8 19. c4 Bd6 20. Nf3 Qf6 21.
c5 Be7 22. Ne5 Rfd8 23. Rg1 Bf8 24. Rab1 g6 25. Qc2 Bg7 26. Rb3 Qe7 27. Nf3 Qd7 28.
a5 Qd5 29. Kg3 h6 30. h4 Bf6 31. Rgb1 Kg7 32. e4 Qc6 33. e5 Be7 34. h5 gxh5 35. f5 Rg8 36. f6+ Bxf6 37. exf6+ Kxf6+ 38. Kh2 Rg4 39. Qh7 Rbg8 40. Re3 Rg2+ 41. Kh3 R2g6 42. Rbe1 Qd5 43.
Kh2 Rg2+ 44. Kh1 R2g4 0-1

[Event "*** Titled Tuesday Blitz"]
[Site "Chess.com"]
[Date "2020.04.21"]
[Round "5"]
[White "ElGasanov"]
[Black "Kouzari"]
[Result "1-0"]
[WhiteElo "2749"]
[BlackElo "2597"]
[TimeControl "180+1"]
[EndTime "10:57:15 PDT"]
[Termination "ElGasanov won by checkmate"]

1. d4 Nf6 2. Nf3 c5 3. d5 e6 4. c4 exd5 5. cxd5 d6 6. e4 g6 7. Bd3 Bg7 8. O-O O-O 9. h3 Re8 10. Re1 Nbd7 11. Nc3 a6 12. a4 Ne5 13. Nxe5 Rxe5 14.
Bc4 Re8 15. f4 Nh5 16. Qf3 f5 17. Bd2 Bd4+ 18. Kh2 Nf6 19. exf5 Bxf5 20. Rxe8+ Qxe8 21. Re1 Qd7 22. g4 Bxg4 23. hxg4 Nxg4+ 24. Kg2 Rf8 25.
Re6 Ne5 26. Qe2 Nxc4 27. Qxc4 Qd8 28. Qe2 Qh4 29. Ne4 Bxb2 30. Be1 Qxf4 31. Bg3 Qf5 32.
Rxd6 Bd4 33. a5 h5 34. Nf2 Kh7 35. Qe6 Qf3+ 36. Kh2 Bxf2 37. Qxg6+ Kh8 38. Be5+ Rf6 39. Rd8# 1-0

[Event "*** Titled Tuesday Blitz"]
[Site "Chess.com"]
[Date "2020.04.21"]
[Round "5"]
[White "eightbyeightchess"]
[Black "IsikCan"]
[Result "1-0"]
[WhiteElo "2456"]
[BlackElo "2625"]
[TimeControl "180+1"]
[EndTime "10:57:16 PDT"]
[Termination "eightbyeightchess won by checkmate"]

1. e4 c6 2. d4 d5 3. e5 Bf5 4. h4 h5 5. Bd3 Bxd3 6. Qxd3 e6 7. Bg5 Be7 8. Nf3 Nh6 9. Nbd2 Nf5 10. c4 dxc4 11. Qxc4 Nd7 12. Bxe7 Qxe7 13. g3 Nb6 14. Qd3 O-O 15. O-O Rfd8 16. Rad1 c5 17. Ne4 cxd4 18. Nfg5 Nd5 19. Qf3 g6 20. g4 hxg4 21. Qxg4 Kg7 22. h5 Rh8 23. hxg6 Rh4 24. Qg2 Nf4 25. Qf3 fxg6 26. Nf6 Rah8 27. Rfe1 d3 28. Re4 Ne2+ 29. Rxe2 dxe2 30. Qxe2 Rh1+ 31. Kg2 R8h2+ 32. Kf3 Nh4+ 33. Kg3 Rg2+ 34. Kf4 Qb4+ 35. Nge4 Rxd1 36. Qxd1 Qe7 37. Qh1 g5+ 38. Nxg5 Ng6+ 39. Kf3 Rxg5 40. Qh7+ Kf8 41.
Qg8# 1-0

[Event "*** Titled Tuesday Blitz"]
[Site "Chess.com"]
[Date "2020.04.21"]
[Round "5"]
[White "FrogMist"]
[Black "ferdipy"]
[Result "0-1"]
[WhiteElo "2412"]
[BlackElo "2230"]
[TimeControl "180+1"]
[EndTime "10:57:16 PDT"]
[Termination "ferdipy won by resignation"]

1. d4 e5 2. dxe5 d6 3. Nf3 Nc6 4. exd6 Bxd6 5. e4 Qe7 6. Nc3 Bg4 7. Be2 O-O-O 8. Be3 Nf6 9. Nd2 Bxe2 10. Qxe2 Be5 11.
Qc4 Bxc3 12. Qxc3 Nxe4 13. Nxe4 Qxe4 14. O-O f6 15. Rfe1 Qh4 16. Qc5 Qb4 17. Qf5+ Kb8 18. c3 Qd6 19. a4 a5 20. Qb5 Rhe8 21. h3 Qd5 22. c4 Qd7 23. b4 Re5 24. Bc5 axb4 25.
a5 Rde8 26. Red1 Qe6 27. a6 b6 28. Rd6 Re1+ 29. Rxe1 Qxe1+ 30. Kh2 Qe5+ 31. g3 Qxc5 32. Qxc5 bxc5 33. Rxc6 Re5 34. f4 Re2+ 35. Kg1 b3 36. Rxc5 b2 37. Rb5+ Ka7 38. Kf1 Rc2 39.
Rb3 Rc1+ 40. Ke2 b1=Q 41. Rxb1 Rxb1 42. Kf3 Kxa6 43. Ke4 Rb3 44. Kd5 Kb7 45. g4 Rxh3 0-1

[Event "*** Titled Tuesday Blitz"]
[Site "Chess.com"]
[Date "2020.04.21"]
[Round "5"]
[White "yavrukurt40"]
[Black "Yurovskykh_Oleksandr"]
[Result "1-0"]
[WhiteElo "2789"]
[BlackElo "2619"]
[TimeControl "180+1"]
[EndTime "10:57:17 PDT"]
[Termination "yavrukurt40 won by resignation"]

1. e4 d5 2. exd5 Qxd5 3. Nc3 Qd8 4. Nf3 Bg4 5. d4 e6 6. Be2 Nf6 7. O-O c6 8. Ne5 Bxe2 9. Nxe2 Nbd7 10. f4 Be7 11. c3 O-O 12. Ng3 c5 13. f5 Nxe5 14. dxe5 Qxd1 15. Rxd1 Nd5 16. c4 Nb6 17. b3 Bh4 18.
fxe6 fxe6 19. Ne4 Be7 20. Be3 Rac8 21. a4 Rfd8 22. Rxd8+ Rxd8 23. Bxc5 Nc8 24. a5 Rd3 25. Bxe7 Nxe7 26. Nc5 Re3 27. b4 b6 28. axb6 axb6 29.
Nd7 Nc6 30. b5 Nxe5 31. Nxb6 Rc3 32. Re1 Nxc4 33. Nxc4 Rxc4 34. Rxe6 Rb4 35. b6 Rb2 36. h4 h5 37. Kh2 Rb3 38. Kg1 Rb2 39. Kf1 Kh7 40.
g3 Kg8 41. Rc6 Kh7 42. Ke1 Kg8 43. Kd1 Kh7 44. Kc1 Rb3 45. Kc2 Rxg3 46. b7 Rg2+ 47. Kb1 Rg1+ 48. Rc1 1-0

[Event "*** Titled Tuesday Blitz"]
[Site "Chess.com"]
[Date "2020.04.21"]
[Round "5"]
[White "MusicCityMaster"]
[Black "CalinGheorghiu"]
[Result "0-1"]
[WhiteElo "2293"]
[BlackElo "2473"]
[TimeControl "180+1"]
[EndTime "10:57:17 PDT"]
[Termination "CalinGheorghiu won on time"]

1. d4 Nf6 2. c4 e6 3. g3 c5 4. d5 exd5 5. cxd5 d6 6. Bg2 g6 7. Nc3 Bg7 8. Nf3 O-O 9. O-O Re8 10. Nd2 b6 11. a4 Ba6 12. Re1 Nbd7 13. Qc2 Ne5 14.
h3 Nd3 15. Rf1 Nxc1 16. Raxc1 Bxe2 17. Nxe2 Rxe2 18. Bf3 Re8 19. Nc4 Qc7 20. Rfe1 Nd7 21. Kg2 Ne5 22. Nxe5 Rxe5 23. Rxe5 Bxe5 24. b3 a6 25. h4 h5 26. Qd3 Qb7 27. g4 hxg4 28.
Bxg4 Qe7 29. Rh1 Kg7 30. h5 Rh8 31. hxg6 Rxh1 32. Kxh1 fxg6 33. Be6 Qf6 34. Kg2 Qf4 35. Qxa6 Qe4+ 36. Kf1 Qb1+ 37. Kg2 Qxb3 38. Qb7+ Kh6 39. a5 c4 40. a6 c3 41. a7 c2 42. a8=Q c1=Q 43.
Qf8+ Kg5 44. Qbe7+ Kh5 45. Qh7+ Kg5 46. Qf5+ gxf5 47. Qxf5+ Kh6 48. Qf8+ Bg7 0-1

[Event "*** Titled Tuesday Blitz"]
[Site "Chess.com"]
[Date "2020.04.21"]
[Round "5"]
[White "CraiggoryC"]
[Black "JLRHei"]
[Result "1-0"]
[WhiteElo "2070"]
[BlackElo "2257"]
[TimeControl "180+1"]
[EndTime "10:57:17 PDT"]
[Termination "CraiggoryC won by resignation"]

1. e4 c5 2. Nf3 e6 3. d4 cxd4 4. Nxd4 Nf6 5. Nc3 d6 6. g4 Nc6 7. g5 Nd7 8. f4 Be7 9. Be3 Nxd4 10. Qxd4 e5 11. Qd2 exf4 12. Bxf4 Ne5 13. O-O-O Nf3 14. Qg2 Nxg5 15. Bxd6 Bxd6 16. e5 O-O 17. h4 Ne6 18. exd6 Bd7 19. Nd5 Kh8 20. Bc4 Qa5 21.
Bb3 Rac8 22. h5 Qb4 23. Nxb4 a5 24. Nd5 a4 25. h6 axb3 26. hxg7+ Nxg7 27. Nf6 Bf5 28.
axb3 Rxc2+ 29. Qxc2 Bxc2 30. Kxc2 h5 31. Kb1 Rd8 32.
Nxh5 Nxh5 33. Rxh5+ Kg7 34. Rc5 Kf6 35. Rc7 b5 36. d7 Ke6 37. Rb7 b4 38. Rxb4 f5 39.
Rb6+ Ke7 40. Rb7 Ke6 41. Rf1 f4 42. b4 Ke5 43. b5 Ke4 44. b6 Ke3 45. Rc7 Ke2 46.
Rxf4 Ke3 47. Rf7 Ke4 48. Rc8 Ke5 49. Rxd8 Ke6 50. Rdf8 1-0

[Event "*** Titled Tuesday Blitz"]
[Site "Chess.com"]
[Date "2020.04.21"]
[Round "5"]
[White "AleksanderHnydiuk"]
[Black "Rainmond"]
[Result "0-1"]
[WhiteElo "2573"]
[BlackElo "2731"]
[TimeControl "180+1"]
[EndTime "10:57:18 PDT"]
[Termination "Rainmond won by checkmate"]

1. Nf3 Nf6 2. c4 c5 3. g3 Nc6 4. Bg2 d5 5. d4 dxc4 6. Qa4 Bd7 7. dxc5 e6 8. Qxc4 Qa5+ 9. Bd2 Qxc5 10. Qxc5 Bxc5 11.
O-O Ke7 12. Rc1 Bb6 13. Na3 Rac8 14. Nc4 Bc7 15. b4 Ne4 16. Be1 b5 17. Ncd2 Nd6 18. a4 a6 19. axb5 axb5 20. Nb3 Nc4 21. Nc5 Bd6 22. Nd2 Bxc5 23. bxc5 Nxd2 24. Bxd2 Ra8 25. Bf4 f6 26. Bd6+ Kf7 27. Rcb1 b4 28. f4 Ra3 29.
Rxa3 bxa3 30. Rb7 a2 31. Rxd7+ Kg6 32. Bxc6 a1=Q+ 33. Kg2 Qb2 34. Bf3 Qb5 35. Re7 Re8 36. Rc7 Rb8 37. g4 Qb1 38. h4 h5 39. gxh5+ Kh6 40. Rd7 Qd1 41. c6 Rb1 42. Rd8 Qh1+ 43. Kf2 Qg1# 0-1

[Event "*** Titled Tuesday Blitz"]
[Site "Chess.com"]
[Date "2020.04.21"]
[Round "5"]
[White "ViktoriyaTarasova"]
[Black "donotreadit"]
[Result "0-1"]
[WhiteElo "2406"]
[BlackElo "2669"]
[TimeControl "180+1"]
[EndTime "10:57:18 PDT"]
[Termination "donotreadit won on time"]

1. d4 d5 2. c4 e6 3. Nc3 Be7 4. cxd5 exd5 5. Bf4 c6 6. e3 Bd6 7.
Bxd6 Qxd6 8. Bd3 Ne7 9. Qc2 g6 10. Nf3 Bf5 11. O-O Bxd3 12. Qxd3 O-O 13. Rab1 Nd7 14.
b4 a6 15. a4 f5 16. Rfc1 Kg7 17. b5 cxb5 18. axb5 a5 19. Na4 Rfc8 20. Rxc8 Rxc8 21. b6 Qc6 22. Qb3 Qc4 23. h3 Qxb3 24. Rxb3 Rc4 25. Nb2 Rb4 26. Rxb4 axb4 27. Nd3 Nc6 28. Nc5 Nxb6 29.
Nxb7 b3 30. Nd2 b2 31. Nc5 Nc4 32. Nb1 Nb4 33. Na4 f4 34. exf4 Nc2 35. Nac3 N4a3 36. Kf1 Nxb1 37. Nxb1 Nxd4 38. Ke1 Kf6 39. Kd2 Kf5 40.
Kd3 Nb5 41. g3 d4 42. Kc2 Nc3 43. Nd2 Ne4 44. Nf3 d3+ 45. Kxb2 Nxf2 46. Kc3 Ke4 47. Ng5+ Ke3 48. f5 gxf5 0-1

[Event "*** Titled Tuesday Blitz"]
[Site "Chess.com"]
[Date "2020.04.21"]
[Round "5"]
[White "kinga2008"]
[Black "Grieve72"]
[Result "1-0"]
[WhiteElo "2195"]
[BlackElo "2334"]
[TimeControl "180+1"]
[EndTime "10:57:18 PDT"]
[Termination "kinga2008 won on time"]

1. e4 c5 2. Nf3 e6 3. d4 cxd4 4. Nxd4 Nc6 5. Nc3 Qc7 6. Nxc6 bxc6 7. Be3 d5 8. exd5 cxd5 9. Be2 Nf6 10. O-O Be7 11. Nb5 Qd7 12. Bf4 O-O 13. Nc7 Bb7 14. Bb5 Bc6 15. Bxc6 Qxc6 16. Nxa8 Rxa8 17. b3 Ne4 18. c4 dxc4 19. bxc4 Qxc4 20. Qd7 Bc5 21. Rac1 Qxa2 22. Qc6 Qd5 23. Qxd5 exd5 24. Be3 d4 25.
Bf4 Rd8 26. Rfd1 g5 27. Bd2 d3 28. Be3 Bxe3 29. fxe3 d2 30. Rc4 f5 31. Kf1 Rd5 32. g4 Kf7 33. gxf5 Rxf5+ 34. Ke2 Rf2+ 35. Kd3 Nd6 36. Rc7+ Ke6 37. Rxd2 Rf5 38. Rxh7 a5 39. Ra7 Rb5 40. Kd4 Nf5+ 41. Ke4 Re5+ 42. Kf3 Nh4+ 43. Kg4 Rxe3 44. Ra6+ Ke5 45. Kxg5 Nf3+ 46. Kg4 Nxd2 47.
Rxa5+ Ke4 48. Ra4+ Kd5 49. h4 Ne4 50. Kf4 Nd6 51. Kxe3 Ke5 52. Ra5+ Kf6 53. Ra6 Ke5 54. h5 Nf5+ 55. Kf3 Ng7 56. Kg4 Ne6 57. h6 Nf8 58. Ra8 1-0

[Event "*** Titled Tuesday Blitz"]
[Site "Chess.com"]
[Date "2020.04.21"]
[Round "5"]
[White "Bacyanide"]
[Black "GukeshDommaraju"]
[Result "0-1"]
[WhiteElo "2418"]
[BlackElo "2688"]
[TimeControl "180+1"]
[EndTime "10:57:19 PDT"]
[Termination "GukeshDommaraju won by checkmate"]

1. d4 Nf6 2. c4 g6 3. Nc3 Bg7 4.
e4 d6 5. Be2 O-O 6. Nf3 e5 7.
O-O Nc6 8. d5 Ne7 9. Ne1 Nd7 10.
Nd3 f5 11. Bd2 Nf6 12. f3 c5 13. a3 f4 14. b4 b6 15. bxc5 bxc5 16. Rb1 g5 17. Nf2 h5 18. h3 Ng6 19. Qa4 a6 20. Qc6 Ra7 21. Rb8 Rc7 22. Qb6 Nd7 23. Qxd6 Rf6 24.
Rb6 Rxd6 25. Rxd6 Kh7 26. Nd3 Qf8 27. Re6 Nf6 28. Rb6 g4 29. fxg4 hxg4 30. hxg4 Bxg4 31. Kf2 Bxe2 32. Kxe2 Qc8 33. Rh1+ Kg8 34. Nf2 Rb7 35. Rc6 Qd7 36. Na4 Qe7 37. Nxc5 Rb2 38. Rc8+ Kf7 39. Ne6 Qxa3 40. Rc7+ Ne7 41. Nd3 Nxe4 42. Nxe5+ Bxe5 43. Rh7+ Kg6 44. Rcxe7 Qe3+ 45. Kf1 Qf2# 0-1

[Event "*** Titled Tuesday Blitz"]
[Site "Chess.com"]
[Date "2020.04.21"]
[Round "5"]
[White "AlexandraBotez"]
[Black "korkmaz16"]
[Result "1-0"]
[WhiteElo "2112"]
[BlackElo "2290"]
[TimeControl "180+1"]
[EndTime "10:57:19 PDT"]
[Termination "AlexandraBotez won by resignation"]

1. d4 Nf6 2. c4 e5 3. dxe5 Ng4 4. Nc3 Bc5 5. e3 Nxe5 6. f4 Nec6 7. Qh5 Bb4 8. Bd2 d6 9. Nf3 Na6 10.
Bd3 Nc5 11. Bc2 Be6 12. b3 Qf6 13. Nd4 Nxd4 14. exd4 Qxd4 15. Qf3 O-O-O 16. O-O-O Rhe8 17. Kb1 Bd7 18. Nb5 Bxb5 19. Bxb4 Qe3 20. Qxe3 Rxe3 21. cxb5 Ne4 22. Bxe4 Rxe4 23. Bc3 f6 24. g3 Rde8 25. Rd2 b6 26. a4 Kb7 27. Kc2 a6 28. bxa6+ Kxa6 29.
Rhd1 Kb7 30. a5 bxa5 31. Bxa5 Ra8 32. b4 Re3 33. Rd3 Re2+ 34. R1d2 Re1 35. Rc3 Rc8 36. Kb2 Re4 37. Rdc2 c6 38. Kb3 d5 39. h4 Ree8 40. Rc5 Rf8 41. b5 cxb5 42. Rxc8 Rxc8 43. Rxc8 Kxc8 44. Kb4 Kd7 45. Kxb5 h5 46. Kc5 Ke6 47. Be1 Kf5 48. Kxd5 g5 49. hxg5 fxg5 50. fxg5 Kxg5 51. Ke5 Kg4 52. Kf6 h4 53. gxh4 Kh5 54. Kf5 Kh6 55.
Kg4 Kg6 56. h5+ Kh6 57. Bd2+ Kh7 58. Kg5 Kg7 59. h6+ Kh7 60. Kh5 Kg8 61. Kg6 Kh8 62. Bc3+ Kg8 63. h7+ Kf8 64. h8=Q+ Ke7 65. Qf6+ 1-0

[Event "*** Titled Tuesday Blitz"]
[Site "Chess.com"]
[Date "2020.04.21"]
[Round "5"]
[White "DishonorOnYourCow"]
[Black "ShieldingOff"]
[Result "1-0"]
[WhiteElo "2300"]
[BlackElo "2004"]
[TimeControl "180+1"]
[EndTime "10:57:19 PDT"]
[Termination "DishonorOnYourCow won on time"]

1. d4 c5 2. d5 e5 3. e4 d6 4.
Nc3 Be7 5. Bb5+ Nd7 6. Nf3 a6 7.
Be2 Ngf6 8. a4 O-O 9. O-O Ne8 10. Nd2 Rb8 11. a5 Bg5 12. Nc4 Bxc1 13. Qxc1 b5 14.
axb6 Nxb6 15. Na5 Qh4 16. Nc6 Ra8 17. Qe3 Bb7 18. b4 Nd7 19. bxc5 Nxc5 20. Rfb1 Nc7 21. Na4 Bxc6 22. Nxc5 Bb5 23. Nb3 Rfb8 24. c4 Bd7 25. c5 Rb4 26. cxd6 Rxe4 27. Qf3 Nxd5 28. Nc5 Bc6 29.
Nxe4 a5 30. Rc1 Nc3 31. Rxc3 Bxe4 32. Qe3 Bd5 33. Bf3 e4 34. Be2 h6 35. Rd1 Be6 36. d7 Rd8 37. Qb6 a4 38. Qc7 Kh7 39. Ra3 Qg5 40. Rxa4 e3 41. Qg3 Qf5 42. Bd3 1-0

[Event "*** Titled Tuesday Blitz"]
[Site "Chess.com"]
[Date "2020.04.21"]
[Round "5"]
[White "JulAnt"]
[Black "Savagelittlemole"]
[Result "0-1"]
[WhiteElo "2502"]
[BlackElo "2675"]
[TimeControl "180+1"]
[EndTime "10:57:20 PDT"]
[Termination "Savagelittlemole won on time"]

1. e4 c5 2. Nf3 d6 3. d4 cxd4 4. Nxd4 Nf6 5. Nc3 a6 6. Bg5 Nbd7 7. Bc4 h6 8. Bh4 g6 9. Qe2 Bg7 10. O-O-O Qc7 11. Kb1 O-O 12. Bb3 e5 13. Nf3 Nc5 14.
Bxf6 Bxf6 15. Nd5 Qd8 16. Nxf6+ Qxf6 17. Qe3 Kg7 18. Rd2 a5 19. Rhd1 Rd8 20. Bd5 Be6 21. Ne1 Bxd5 22. Rxd5 b5 23. f3 b4 24. Nd3 Ne6 25. Nf2 Nf4 26. R5d2 Nxg2 27. Qe2 Nf4 28. Qf1 a4 29. Ng4 Qe6 30. Ne3 b3 31. cxb3 axb3 32.
a3 Rac8 33. Nd5 Nxd5 34. Rxd5 Rc2 35. Qd3 Rxh2 36. Qxb3 Qf6 37. Qb6 h5 38. a4 Rc8 39.
Rxd6 Qxf3 40. Qb7 Rcc2 41. a5 Qe2 0-1

[Event "*** Titled Tuesday Blitz"]
[Site "Chess.com"]
[Date "2020.04.21"]
[Round "5"]
[White "albi1999"]
[Black "RubensCezila"]
[Result "1-0"]
[WhiteElo "2599"]
[BlackElo "2427"]
[TimeControl "180+1"]
[EndTime "10:57:20 PDT"]
[Termination "albi1999 won on time"]

1. d4 Nf6 2. c4 g6 3. g3 Bg7 4.
Bg2 O-O 5. Nc3 d6 6. Nf3 Nbd7 7. O-O e5 8. e4 c6 9. h3 Qb6 10. Re1 exd4 11. Nxd4 Re8 12. Nc2 Nc5 13. Be3 Qc7 14. Bf4 Bf8 15. Qd2 Nh5 16. Be3 Nd7 17.
Rad1 Ne5 18. Qe2 Nf6 19. f4 Ned7 20. Qf2 Bg7 21. Qd2 Bf8 22. b3 a5 23. Nd4 Nc5 24.
Qc2 Bg7 25. Ndb5 cxb5 26. Nxb5 Qe7 27. Nxd6 Nfd7 28. Nxe8 Qxe8 29. e5 Ne6 30. Rd2 Ndc5 31.
Red1 Bf8 32. g4 Na6 33. f5 Nec5 34. Bd4 Bd7 35. Ba1 Bc6 36. e6 Bg7 37. Bxg7 Kxg7 38. f6+ Kg8 39. e7 Ne6 40. Bxc6 bxc6 41. Qe4 Rc8 42. Qe3 1-0

[Event "*** Titled Tuesday Blitz"]
[Site "Chess.com"]
[Date "2020.04.21"]
[Round "5"]
[White "7Madman"]
[Black "Zurability"]
[Result "0-1"]
[WhiteElo "2591"]
[BlackElo "2735"]
[TimeControl "180+1"]
[EndTime "10:57:21 PDT"]
[Termination "Zurability won by resignation"]

1. e4 c5 2. Nc3 d6 3. g3 g6 4. Bg2 Bg7 5. d3 Nc6 6. f4 e6 7. Nf3 Nge7 8. O-O O-O 9. Be3 Nd4 10. e5 Nec6 11. exd6 Qxd6 12. Ne4 Qe7 13. c3 f5 14.
Nxc5 Qxc5 15. cxd4 Nxd4 16. Rc1 Qd6 17. Ne5 Bxe5 18.
fxe5 Qxe5 19. Re1 Qd6 20. Bf4 Qb6 21. Kh1 Bd7 22. Qd2 Rac8 23. Qf2 Bc6 24. Be3 Bxg2+ 25. Qxg2 Rfd8 26. Bg5 Re8 27. Rc4 Rxc4 28. dxc4 e5 29. Qd5+ Qe6 30. Qxb7 e4 31. Bh6 Qf7 32. Qb4 Nf3 33.
Re2 Rd8 34. Kg2 g5 35. Qa5 Rd6 36. h4 Rxh6 37. hxg5 Rh2+ 38. Kf1 Rh1+ 39. Kf2 Rh2+ 40. Kf1 Rxe2 41. Kxe2 Qd7 42. Qb4 Nxg5 43. c5 Ne6 44.
Qc4 Kg7 45. c6 Qxc6 46. Qxc6 Nd4+ 47. Ke3 Nxc6 0-1

[Event "*** Titled Tuesday Blitz"]
[Site "Chess.com"]
[Date "2020.04.21"]
[Round "5"]
[White "hypert"]
[Black "Baby_Legs"]
[Result "0-1"]
[WhiteElo "2512"]
[BlackElo "2705"]
[TimeControl "180+1"]
[EndTime "10:57:21 PDT"]
[Termination "Baby_Legs won by resignation"]

1. e4 c6 2. Nc3 d5 3. Nf3 g6 4.
h3 Bg7 5. d4 dxe4 6. Nxe4 Nf6 7. Bd3 O-O 8. O-O a5 9. c4 Na6 10. b3 Nxe4 11. Bxe4 Nc5 12. Bc2 Ne6 13. Be3 Qd6 14. Qd2 Rd8 15. Rad1 Qa3 16. Bb1 a4 17. Qc2 Nc7 18. Bc1 axb3 19. axb3 Qb4 20. Bd2 Qb6 21.
Be3 Bf5 22. Qb2 Bxb1 23. Qxb1 Qb4 24. Rd3 Ra3 25. Rfd1 Rda8 26. d5 cxd5 27. cxd5 Nb5 28. Bd2 Qd6 29. Qc2 Qd7 30. Qc4 Nd6 31. Qh4 Ra1 32. Bb4 Nf5 33. Qe4 Qb5 34. g4 Nd6 35. Bxd6 exd6 36. Qc4 Qb6 37. Kg2 R1a2 38. R3d2 R2a3 39.
Rd3 Re8 40. Qf4 Ra2 41. R1d2 Ra1 42. Rd1 Rxd1 43. Rxd1 Qxb3 44. Qd2 Qc4 45. Qd3 b5 46. Qxc4 bxc4 47. Rc1 c3 48. Rc2 Rc8 49. Ng5 Rc5 50. Ne4 Rxd5 51. g5 Rd3 52. f4 d5 53. Nc5 Rd2+ 54.
Rxd2 cxd2 0-1

[Event "*** Titled Tuesday Blitz"]
[Site "Chess.com"]
[Date "2020.04.21"]
[Round "5"]
[White "juniortay"]
[Black "TregubovP"]
[Result "0-1"]
[WhiteElo "2408"]
[BlackElo "2577"]
[TimeControl "180+1"]
[EndTime "10:57:21 PDT"]
[Termination "TregubovP won by resignation"]

1. e4 e6 2. Nf3 d5 3. Nc3 d4 4.
Ne2 c5 5. c3 Nc6 6. cxd4 cxd4 7. Qa4 Bc5 8. b4 Bxb4 9. Nexd4 Be7 10. Bb5 Bd7 11. Nxc6 bxc6 12. Bxc6 Rc8 13. Bxd7+ Qxd7 14. Qxd7+ Kxd7 15. O-O Nf6 16. d3 Rhd8 17. Be3 Ke8 18. Rfd1 Rd7 19. Ne5 Rdc7 20. f3 Nd7 21. Nc4 Bc5 22.
Kf2 Ke7 23. Rab1 Bxe3+ 24. Kxe3 Nc5 25. Rb4 f6 26. d4 Nxe4 27. fxe4 Rxc4 28. Rxc4 Rxc4 29.
Rd3 a5 30. Ra3 Rc2 31. Rxa5 Rxg2 32. e5 Kd7 33. exf6 gxf6 34. Ra7+ Kd6 35. Rxh7 Rxa2 36. h4 Ra3+ 37. Ke2 Kd5 38. Re7 Rh3 39. Rd7+ Ke4 40. Rd6 Kf5 41. d5 e5 42. Rd8 Rxh4 43. Ke3 Rd4 44. Rd7 Re4+ 45. Kd3 Kf4 46. Rf7 Rd4+ 47. Kc3 f5 48. Rd7 Ke4 49. d6 f4 50. Rd8 f3 51. Kc2 f2 52. Rf8 Ke3 53. Rf6 e4 54. Kc3 Rd3+ 55. Kc4 Ke2 0-1

[Event "*** Titled Tuesday Blitz"]
[Site "Chess.com"]
[Date "2020.04.21"]
[Round "5"]
[White "Cubitas"]
[Black "pedroholly22"]
[Result "1-0"]
[WhiteElo "2512"]
[BlackElo "2331"]
[TimeControl "180+1"]
[EndTime "10:57:21 PDT"]
[Termination "Cubitas won by resignation"]

1. e4 d5 2. exd5 Qxd5 3. Nc3 Qd6 4. d4 Nf6 5. Nf3 a6 6. Bg5 b5 7. Bd3 Bb7 8. Qe2 Nbd7 9. O-O-O O-O-O 10. Ne5 Qe6 11.
f4 g6 12. Rhf1 Nxe5 13. dxe5 Nd5 14. Ne4 Qb6 15. Bh4 Bh6 16. Ng5 Bxg5 17. fxg5 Rhf8 18. Bf2 Qa5 19. Kb1 Qb4 20. Be1 Qc5 21. Bd2 e6 22. c3 Rd7 23. Be1 Qe3 24. Bf2 Qxg5 25. Bc5 Rfd8 26.
Bc2 Nf4 27. Be3 Nxe2 28. Bxg5 Rxd1+ 29. Rxd1 Rxd1+ 30. Bxd1 Ng1 31. Be3 Bxg2 32. Bxg1 Be4+ 33. Kc1 Kd7 34. Kd2 Bd5 35. Ke3 f6 36. exf6 Bxa2 37.
Kf4 Ke8 38. Kg5 Kf7 39. Bd4 h5 40. Bc2 Kf8 41. Bxg6 a5 42. f7 e5 43. Bc5+ 1-0

[Event "*** Titled Tuesday Blitz"]
[Site "Chess.com"]
[Date "2020.04.21"]
[Round "5"]
[White "CroissantNeuf"]
[Black "Anaj14"]
[Result "0-1"]
[WhiteElo "2367"]
[BlackElo "2351"]
[TimeControl "180+1"]
[EndTime "10:57:21 PDT"]
[Termination "Anaj14 won by checkmate"]

1. Nf3 d5 2. g3 Bg4 3. Bg2 Nd7 4.
h3 Bh5 5. c4 dxc4 6. Na3 e6 7.
Nxc4 c6 8. O-O Ngf6 9. d3 Be7 10. Rb1 O-O 11. b4 a6 12. Na5 Qc8 13. Bd2 h6 14. Qb3 Re8 15. Rfc1 Nd5 16. a4 Bf6 17. b5 axb5 18.
axb5 c5 19. e4 N5b6 20. g4 Bg6 21. Nc4 Nxc4 22. Qxc4 Qb8 23. Be3 b6 24. h4 Ne5 25.
Nxe5 Bxe5 26. d4 cxd4 27. Bxd4 Bf4 28. Rd1 Rc8 29. Qe2 e5 30. Be3 Bxe3 31. Qxe3 f6 32.
g5 hxg5 33. hxg5 Rd8 34. gxf6 gxf6 35. Qh6 Kf7 36. Bh3 Qc7 37. Bf5 Bxf5 38. exf5 Rg8+ 39.
Kf1 Qc4+ 40. Ke1 Qe4+ 41. Kd2 Rgd8+ 42. Kc3 Rac8+ 43. Kb3 Qc4+ 44. Kb2 Qc3+ 45. Ka2 Ra8# 0-1

[Event "*** Titled Tuesday Blitz"]
[Site "Chess.com"]
[Date "2020.04.21"]
[Round "5"]
[White "SimonKnightRivendell"]
[Black "Efremov_Vlad"]
[Result "1-0"]
[WhiteElo "1933"]
[BlackElo "2123"]
[TimeControl "180+1"]
[EndTime "10:57:21 PDT"]
[Termination "SimonKnightRivendell won on time"]

1. d4 d5 2. c4 e6 3. Nf3 Nf6 4. g3 dxc4 5. Qc2 b6 6. Bg2 Bb7 7. O-O Be7 8. Qxc4 O-O 9. Bf4 c5 10. Rd1 Nbd7 11. dxc5 Bxc5 12. Ne5 Bxg2 13. Nxd7 Nxd7 14.
Kxg2 Qc8 15. Nc3 Nf6 16. Rac1 Qb7+ 17. f3 Rac8 18. Qb3 Ng4 19. Ne4 Be7 20. Rxc8 Rxc8 21.
Nd6 Bxd6 22. Bxd6 Rd8 23. Bf4 Rxd1 24. Qxd1 h6 25. Qd8+ Kh7 26. Qd3+ f5 27. e4 fxe4 28. Qxe4+ Qxe4 29. fxe4 Nf6 30. Kf3 Nd7 31. Be3 e5 32.
Ke2 Kg6 33. Kd3 Kf7 34. Kc4 a6 35. Kd5 Ke7 36. Kc6 b5 37. Bc5+ Ke6 38. Bb4 Nf6 39. Kb6 Nxe4 40. Kxa6 Nf2 41. Kxb5 Ng4 42. a4 e4 43. a5 e3 44. a6 Ne5 45. a7 Nd3 46. Bc3 1-0